 Dungeon Crawl Stone Soup version 0.29-a0-362-g5854e031c7 (webtiles) character file.

Game seed: 14950156807227595352

1178 Morbidden the Conjurer (level 8, -5/58 HPs)
             Began as a Demonspawn Conjurer on Apr 29, 2022.
             Was an Initiate of Hepliaklqana.
             Slain by an iguana (10 damage)
             ... on level 6 of the Dungeon.
             The game lasted 00:07:24 (6557 turns).

Morbidden the Conjurer (Demonspawn Conjurer)        Turns: 6557, Time: 00:07:25

Health: -5/58      AC:  2    Str:  7    XL:     8   Next: 18%
Magic:  2/15       EV: 13    Int: 23    God:    Hepliaklqana [......]
Gold:   338        SH:  0    Dex: 11    Spells: 5/16 levels left

rFire   . . .      SeeInvis .   a - +0 dagger (venom)
rCold   . . .      Faith    .   (no shield)
rNeg    . . .      Spirit   .   o - +0 robe
rPois   .          Reflect  .   (helmet restricted)
rElec   .          Harm     .   (no cloak)
rCorr   .          Rampage  .   (no gloves)
Will    .....                   (no boots)
Stlth   ++........              c - amulet of regeneration
HPRegen 0.99/turn               (no ring)
MPRegen 0.14/turn               (no ring)

@: no status effects
A: antennae 1, foul stench 1, demonic magic 2
a: Renounce Religion


You were on level 6 of the Dungeon.
You worshipped Hepliaklqana.
Hepliaklqana was noncommittal.
You visited 1 branch of the dungeon, and saw 6 of its levels.

You collected 338 gold pieces.

Inventory:

Hand Weapons
 a - a +0 dagger of venom (weapon)
Missiles
 l - 5 boomerangs (quivered)
 r - a throwing net
Armour
 o - a +0 robe (worn)
Jewellery
 c - an amulet of regeneration (around neck)
Scrolls
 d - 6 scrolls of identify {unknown}
 e - a scroll of brand weapon {unknown}
 g - 2 scrolls of enchant weapon {unknown}
 i - 2 scrolls of teleportation {unknown}
 j - a scroll of silence {unknown}
 k - a scroll of noise {unknown}
 q - 4 scrolls of immolation {unknown}
 v - a scroll of holy word {unknown}
 x - a scroll of magic mapping {unknown}
Potions
 b - 2 potions of magic
 f - 3 potions of heal wounds
 h - 2 potions of might {unknown}
 m - 6 potions of degeneration {unknown}
 n - 5 potions of curing {unknown}
 p - a potion of attraction {unknown}
 s - a potion of resistance {unknown}
 t - a potion of mutation {unknown}
 u - a potion of lignification {unknown}
 w - a potion of flight {unknown}


   Skills:
 * Level 3.2 Fighting
 + Level 1.0 Short Blades
 * Level 3.7 Dodging
 + Level 3.9 Stealth
 + Level 0.3 Unarmed Combat
 * Level 4.9 Spellcasting
 * Level 6.5 Conjurations
 * Level 0.4 Translocations
 * Level 0.1 Poison Magic
 * Level 0.1 Invocations


You had 5 spell levels left.
You knew the following spells:

 Your Spells              Type           Power      Damage    Failure   Level
a - Magic Dart            Conj           100%       1d8       1%          1
b - Searing Ray           Conj           70%        2d7       1%          2
c - Iskenderun's Mystic   Conj/Tloc      21%        2d6       22%         4
d - Olgreb's Toxic Radia  Pois           6%         N/A       65%         4

Your spell library contained the following spells:

 Spells                   Type           Power      Damage    Failure   Level
 Dazzling Flash           Conj/Hex       40%        N/A       8%          3
 Fulminant Prism          Conj/Hex       10%        3d9       24%         4
 Portal Projectile        Hex/Tloc       12%        N/A       26%         3
 Call Canine Familiar     Summ           5%         N/A       28%         3
 Leda's Liquefaction      Hex/Erth       2%         N/A       67%         4
 Ozocubu's Refrigeration  Ice            2%         4d5       100%        7
 Ignition                 Fire           2%         3d3       100%        8


Dungeon Overview and Level Annotations

Branches:
Dungeon (6/15)
 Temple: D:4-7

Altars:
Ashenzari
Hepliaklqana
Okawaru
Yredelemnul
The Shining One


Innate Abilities, Weirdness & Mutations

You have a pair of small antennae on your head.
You may rarely emit foul miasma when damaged in melee.
Spells you cast may paralyse nearby enemies.


Message History

The iguana bites you but does no damage.
Unknown command.
Unknown command.
Casting: Searing Ray (safe; 1% risk of failure)
Confirm with . or Enter, or press ? or * to list all spells.
Aiming: Magic Dart (safe; 1% risk of failure)
Press: ? - help, Shift-Dir - straight line The magic dart hits the cyclops but does no damage.
The cyclops is heavily wounded.
Malevolent energies surge around you.
The iguana suddenly stops moving!
Unknown command.
Unknown command.
You hit the cyclops.
The cyclops is heavily wounded.
The iguana is no longer paralysed.
The cyclops hits you!!
Ouch! That really hurt!
The iguana bites you but does no damage.
A phantom comes into view.
Unknown command.
Unknown command.
Casting: Magic Dart (safe; 1% risk of failure)
Confirm with . or Enter, or press ? or * to list all spells.
Aiming: Magic Dart (safe; 1% risk of failure)
Press: ? - help, Shift-Dir - straight line The magic dart hits the cyclops but does no damage.
The cyclops is heavily wounded.
Malevolent energies surge around you.
The iguana suddenly stops moving!
The cyclops hits you!!
* * * LOW HITPOINT WARNING * * *
Unknown command.
Unknown command.
Casting: Magic Dart (safe; 1% risk of failure)
Confirm with . or Enter, or press ? or * to list all spells.
Aiming: Magic Dart (safe; 1% risk of failure)
Press: ? - help, Shift-Dir - straight line The magic dart hits the cyclops.
The cyclops is severely wounded.
Malevolent energies surge around you.
The iguana is no longer paralysed.
The iguana bites you!
You die...

#.#.###†##.#
#####.#........#
.....#.###.####
.###.###.#.#.###.#
...........#..##.#
..###...##....##.#
#.#.###...##.#
#.W5###C..#..#
.###gl@...#.## #.
#.#l.#.._.. 5
#......#.#.. .#
.###....... #.
#......## ..
#......# S#
..##.#.. # .. ..>#


You could see a cyclops, a phantom, 2 iguanas, a gnoll and a shadow imp.

Vanquished Creatures
  An ice beast (D:5)
  2 black bears
  2 ogres
  A necrophage (D:5)
  A scorpion (D:5)
  An orc priest (D:3)
  2 hounds
  A gnoll shaman (D:4)
  2 iguanas
  3 orc wizards
  12 adders
  16 gnolls
  2 ufetubi (D:5)
  2 worms
  A dart slug (D:4)
  7 orcs
  2 endoplasms
  3 giant cockroaches
  9 goblins
  4 hobgoblins
  3 quokkas
  8 ball pythons
  6 bats
  11 frilled lizards
  5 kobolds
  5 rats
  A spectral kobold (D:5)
113 creatures vanquished.

Vanquished Creatures (others)
  Natasha (D:2)
  7 plants (D:4)
8 creatures vanquished.

Grand Total: 121 creatures vanquished

Notes
Turn   | Place    | Note
-------+----------+-------------------------------------------
     0 | D:1      | Morbidden the Demonspawn Conjurer began the quest for the
                  | Orb.
     0 | D:1      | Reached XP level 1. HP: 13/13 MP: 3/3
   729 | D:1      | Gained mutation: Spells you cast may paralyse adjacent
                  | enemies. [demonic ancestry]
   729 | D:1      | Reached XP level 2. HP: 20/20 MP: 0/5
   969 | D:1      | Learned a level 2 spell: Searing Ray
  1042 | D:2      | Found a basalt altar of Yredelemnul.
  1239 | D:2      | Reached skill level 1 in Fighting
  1239 | D:2      | Reached XP level 3. HP: 26/26 MP: 1/6
  1302 | D:2      | Found a faded altar of an unknown god.
  1986 | D:2      | Noticed Natasha
  1994 | D:2      | Killed Natasha
  2567 | D:3      | Reached XP level 4. HP: 32/32 MP: 3/7
  3242 | D:3      | Reached skill level 5 in Conjurations
  3323 | D:3      | You fall into a shaft and drop 2 floors!
  3323 | D:5      | Entered Level 5 of the Dungeon
  3382 | D:4      | Reached XP level 5. HP: 34/37 MP: 0/9
  3927 | D:4      | Noticed an ogre
  4139 | D:5      | Found an iron altar of Okawaru.
  4231 | D:5      | Gained mutation: Spells you cast may paralyse nearby
                  | enemies. [demonic ancestry]
  4231 | D:5      | Reached XP level 6. HP: 39/44 MP: 1/11
  4335 | D:5      | Noticed an ice beast
  4341 | D:5      | Killed an ice beast
  4467 | D:5      | Gained mutation: You may rarely emit foul miasma when
                  | damaged in melee. [demonic ancestry]
  4467 | D:5      | Reached XP level 7. HP: 51/51 MP: 7/12
  4676 | D:4      | Reached skill level 6 in Conjurations
  5342 | D:4      | Learned a level 4 spell: Iskenderun's Mystic Blast
  5555 | D:4      | Reached skill level 1 in Short Blades
  5555 | D:4      | Gained mutation: You have a pair of small antennae on your
                  | head. [demonic ancestry]
  5555 | D:4      | Reached XP level 8. HP: 40/58 MP: 8/15
  5879 | D:4      | Learned a level 4 spell: Olgreb's Toxic Radiance
  6297 | D:5      | Found a hazy altar of Hepliaklqana.
  6317 | D:5      | Became a worshipper of Hepliaklqana the Forgotten
  6532 | D:6      | Found a broken altar of Ashenzari.
  6537 | D:6      | Noticed a cyclops
  6557 | D:6      | Slain by an iguana

Illustrated notes

Levels and vault maps discovered:
D:1:      dpeg_arrival_refuge, layout_basic
D:2:      layout_basic, shapermc_ecumenical_altar_mp_ritualfount, basic_altar,
          uniq_natasha
D:3:      layout_loops_ring, amcnicky_altar_gilded, minivault_26
D:4:      layout_cave_pools, minmay_lizard_king
D:5:      layout_loops_ring, okawaru_metal_pillars_1_2,
          nicolae_hepliaklqana_monster_ancestors, item_on_display_a
D:6:      layout_basic, ashenzari_altar_1, minmay_temple_entry_offerings,
          fountainhead, kennysheep_crisscross, st_stairs_12, minmay_starry_boxes

Skill      XL: |  1  2  3  4  5  6  7 |
---------------+----------------------+-----
Fighting       | 1 2 3 |  3.2
Stealth        | 2 3 |  3.9
Dodging        | 2 3 |  3.7
Conjurations   | 5 6 |  6.5
Spellcasting   | 3 4 |  4.9
Short Blades   | 1 |  1.0
Unarmed Combat | |  0.3
Translocations | |  0.4
Poison Magic   | |  0.1
Invocations    | |  0.1

Action                   |  1- 3 |  4- 6 |  7- 9 || total
-------------------------+-------+-------+-------++-------
Melee: Unarmed           |    26 |       |       ||    26
       Dagger            |     4 |    40 |    27 ||    71
 Cast: Magic Dart        |    72 |    78 |   102 ||   252
       Searing Ray       |     1 |     4 |     8 ||    13
 Stab: Paralysed         |     3 |     9 |    13 ||    25
       Sleeping          |       |     1 |       ||     1
Armor: Robe              |     8 |     3 |     7 ||    18
Dodge: Dodged            |    18 |    28 |    17 ||    63

Table legend: (Time is in decaauts)
 A = Elapsed time spent in this place.
 B = Non-inter-level travel time spent in this place.
 C = Inter-level travel time spent in this place.
 D = Time resting spent in this place.
 E = Time spent auto-exploring this place.
 F = Levels seen in this place.
 G = Mean time per level.
                   A        B        C        D        E       F      G
               +--------+--------+--------+--------+--------+-----+--------+
         Total |   6558 |   6431 |    127 |   1024 |   4673 |   6 | 1093.0 |
       Dungeon |   6558 |   6431 |    127 |   1024 |   4673 |   6 | 1093.0 |
               +--------+--------+--------+--------+--------+-----+--------+

Top non-repeatable levels by time:
     D:5: 1599 daAuts
     D:2: 1470 daAuts
     D:3: 1319 daAuts
     D:1: 1042 daAuts
     D:4: 1010 daAuts
     D:6: 116 daAuts
